 Dungeon Crawl Stone Soup version 0.30-a0-219-gf2db51d15e (webtiles) character file.

Game seed: 9559088757620126777

56 lunkers the Charlatan (level 4, -2/36 HPs)
             Began as a Meteoran Wanderer on Oct 8, 2022.
             Slain by an orc
             ... wielding a +0 mace
              (4 damage)
             ... on level 4 of the Dungeon.
             The game lasted 00:02:10 (910 turns).

lunkers the Charlatan (Meteoran Wanderer)            Turns: 910, Time: 00:02:10

Health: -2/36      AC:  6    Str: 15    XL:     4   Next: 39%
Magic:  5/5        EV: 12    Int: 10    God:
Gold:   85         SH:  0    Dex: 17    Spells: 3/3 levels left

rFire   . . .      SeeInvis .    a - +0 dagger
rCold   . . .      Faith    .    (no shield)
rNeg    . . .      Spirit   .    h - +0 ring mail
rPois   .          Reflect  .    c - +0 helmet
rElec   .          Harm     .    (no cloak)
rCorr   .          Rampage  .    (no gloves)
Will    .....                    (no boots)
Stlth   +.........               (no amulet)
HPRegen 0.26/turn                (no ring)
MPRegen 0.09/turn                (no ring)

@: glowing
A: sense surroundings 1, otherworldly, glowing, explore regen
a: no special abilities


You were on level 4 of the Dungeon.
You visited 1 branch of the dungeon, and saw 4 of its levels.

You collected 85 gold pieces.

Inventory:

Hand Weapons
 a - a +0 dagger (weapon)
Missiles
 n - 5 stones
Armour
 c - a +0 helmet (worn)
 e - a +0 leather armour
 h - a +0 ring mail (worn)
Jewellery
 l - an amulet of faith
Wands
 f - a wand of polymorph (12)
Scrolls
 d - a scroll of blinking
 g - 2 scrolls of identify {unknown}
 j - a scroll of teleportation {unknown}
 m - a scroll of poison {unknown}
Potions
 b - a potion of curing
 i - 3 potions of mutation {unknown}
 k - a potion of flight {unknown}
 o - a potion of attraction {unknown}
 p - a potion of magic {unknown}


   Skills:
 - Level 2.1 Fighting
 + Level 3.8 Short Blades
 - Level 3.6 Dodging
 - Level 1.2 Unarmed Combat
 - Level 4.8 Evocations


You had 3 spell levels left.
You didn't know any spells.
Your spell library contained the following spells:

 Spells                   Type           Power      Damage    Failure   Level
 Foxfire                  Conj/Fire      0%         2x1d4     58%         1
 Agony                    Necr           0%         N/A       100%        5
 Death's Door             Necr           0%         N/A       100%        9


Dungeon Overview and Level Annotations

Branches:
Dungeon (4/15) Zot: 1520
 Temple: D:4-7

Altars:


Innate Abilities, Weirdness & Mutations

You passively map a small area around you.
You are easily found by Zot.
You glow in the dark.
You regain HP and MP as you explore.


Message History

Found a stone staircase leading up.
An orc priest and 3 orcs come into view.
The orc shouts!
The orc priest shouts!
The orc moves out of view.
There are monsters nearby!
The orc priest looks braver for a moment.
Found a stone staircase leading down.
The orc priest looks satisfied for a moment.
The orc hits you but does no damage.
You hit the orc priest but do no damage.
The orc hits you with a +0 mace.
You hit the orc.
The orc is lightly wounded.
The orc hits you with a +0 mace.
You hit the orc but do no damage.
The orc is lightly wounded.
The orc hits you with a +0 mace.
You closely miss the orc priest. Your punch misses the orc priest.
The orc hits you but does no damage. The orc hits you with a +0 mace.
The orc hits you with a +0 war axe!
* * * LOW HITPOINT WARNING * * *
The orc priest closely misses you.
You hit the orc priest but do no damage.
The orc hits you with a +0 mace.
* * * LOW HITPOINT WARNING * * *
The orc hits you with a +0 mace.
* * * LOW HITPOINT WARNING * * *
The orc barely misses you. The orc priest barely misses you.
You hit the orc priest but do no damage.
Unknown command.
You completely miss the orc priest. The orc closely misses you.
The orc hits you with a +0 mace.
* * * LOW HITPOINT WARNING * * *
The orc closely misses you.
The orc priest hits you with a +0 short sword.
* * * LOW HITPOINT WARNING * * *
You closely miss the orc priest. The orc hits you with a +0 mace.
* * * LOW HITPOINT WARNING * * *
The orc hits you with a +0 mace.
You die...

* .....##)..##....
........####.# ..
,,#.......###..##...
, #................#
, ,
.#.......##........,
........##......#..
........##......#
......o........## ,
......o@.......#* ,
*, * *
......oo.......... ,
......##......#.<.
.....> ##....###.# ,
..... #....# ,.#
..... ,.....# .... *
,...#... #..# .##.#.
,


You could see an orc priest and 3 orcs.

Vanquished Creatures
  An adder (D:4)
  An orc (D:4)
  8 ball pythons
  A bat (D:2)
  6 endoplasms
  A giant cockroach (D:2)
  3 goblins
  10 jackals
  5 kobolds
  A frilled lizard (D:2)
  2 rats (D:1)
39 creatures vanquished.

Notes
Turn   | Place    | Note
-------+----------+-------------------------------------------
     0 | D:1      | lunkers the Meteoran Wanderer began the quest for the Orb.
     0 | D:1      | lunkers set off with the following items: a +0 dagger, a
                  | potion of curing, a +0 helmet, a scroll of blinking, a +0
                  | leather armour, a wand of polymorph (12).
     0 | D:1      | Reached XP level 1. HP: 17/17 MP: 2/2
    77 | D:1      | Reached skill level 1 in Short Blades
    93 | D:1      | Reached XP level 2. HP: 21/24 MP: 3/3
   418 | D:2      | Reached XP level 3. HP: 27/29 MP: 4/4
   634 | D:2      | Got Ynwofeys's Folio of the Dark Arsonist
   777 | D:4      | Reached XP level 4. HP: 12/36 MP: 5/5
   910 | D:4      | Slain by an orc

Illustrated notes

Levels and vault maps discovered:
D:1:      kennysheep_arrival_forest, layout_loops_ring, minmay_heptomino_w4
D:2:      layout_loops_ring, kennysheep_generic_room_16, uniq_crazy_yiuf_cottage
D:3:      layout_loops_corners, uniq_sigmund
D:4:      layout_cave_pools, gammafunk_ghost_nasty_kobolds, uniq_ijyb,
          uniq_blork_the_orc

Skill      XL: |  1  2  3 |
---------------+----------+-----
Short Blades   | 1 2 3 |  3.8
Fighting       | |  2.1
Dodging        | |  3.6
Unarmed Combat | |  1.2
Evocations     | |  4.8

Action                   |  1- 3 |  4- 6 || total
-------------------------+-------+-------++-------
Melee: Dagger            |   198 |    43 ||   241
       Punch             |       |     1 ||     1
Armor: Leather armour    |     5 |       ||     5
       Ring mail         |    75 |    21 ||    96
Dodge: Dodged            |    96 |    30 ||   126

Table legend: (Time is in decaauts)
 A = Elapsed time spent in this place.
 B = Non-inter-level travel time spent in this place.
 C = Inter-level travel time spent in this place.
 D = Time resting spent in this place.
 E = Time spent auto-exploring this place.
 F = Levels seen in this place.
 G = Mean time per level.
                   A        B        C        D        E       F      G
               +--------+--------+--------+--------+--------+-----+--------+
         Total |    878 |    846 |     32 |      0 |    484 |   4 |  219.5 |
       Dungeon |    878 |    846 |     32 |      0 |    484 |   4 |  219.5 |
               +--------+--------+--------+--------+--------+-----+--------+

Top non-repeatable levels by time:
     D:2: 355 daAuts
     D:1: 282 daAuts
     D:4: 167 daAuts
     D:3: 73 daAuts
